 Dungeon Crawl Stone Soup version 0.29.1-2-gbd0b4ee654 (webtiles) character file.

Game seed: 2229180538204347190

109 GorkyZ the Trooper (level 4, -4/37 HPs)
             Began as a Demonspawn Fighter on Nov 19, 2022.
             Killed by divine providence
             ... invoked by an orc priest
              (14 damage)
             ... on level 3 of the Dungeon.
             The game lasted 00:05:34 (1395 turns).

GorkyZ the Trooper (Demonspawn Fighter)             Turns: 1395, Time: 00:05:35

Health: -4/37      AC: 10    Str: 19    XL:     4   Next: 59%
Magic:  4/4        EV: 10    Int:  9    God:
Gold:   78         SH:  9    Dex: 12    Spells: 3/3 levels left

rFire   . . .      SeeInvis .   h - +0 mace (vorpal)
rCold   . . .      Faith    .   c - +0 buckler
rNeg    . . .      Spirit   .   l - +5 ring mail of Integrity {Harm}
rPois   .          Reflect  +   (no helmet)
rElec   .          Harm     +   (no cloak)
rCorr   .          Rampage  .   (no gloves)
Will    .....                   (no boots)
Stlth   +.........              m - amulet of reflection
HPRegen 0.92/turn               (no ring)
MPRegen 0.18/turn               (no ring)

@: no status effects
A: magic regeneration, demonic magic 1, regeneration 1, screaming 1
a: no special abilities


You were on level 3 of the Dungeon.
You visited 1 branch of the dungeon, and saw 3 of its levels.

You collected 78 gold pieces.

Inventory:

Hand Weapons
 a - a +0 war axe
 h - a +0 vorpal mace (weapon)
Missiles
 p - a throwing net (quivered)
Armour
 b - a +0 scale mail
 c - a +0 buckler (worn)
 j - a +0 chain mail
 l - the +5 ring mail of Integrity (worn) {Harm}
   (You found it on level 2 of the Dungeon)

   Harm:      It increases damage dealt and taken.
Jewellery
 m - an amulet of reflection (around neck)
Potions
 d - a potion of might
 f - 2 potions of heal wounds


   Skills:
 + Level 3.7 Fighting
 - Level 1.8(2.2) Axes
 + Level 1.6(2.1) Maces & Flails
 + Level 3.3 Armour
 + Level 3.3 Shields


You had 3 spell levels left.
You didn't know any spells.
Your spell library was empty.

Dungeon Overview and Level Annotations

Branches:
Dungeon (3/15)

Altars:

Shops:
D:3 [


Innate Abilities, Weirdness & Mutations

You regenerate magic rapidly.
Spells you cast may paralyse adjacent enemies.
Your natural rate of healing is unusually fast.
You occasionally shout uncontrollably at your foes.


Message History

You feel less confused. You block the orc's attack.
You thump the orc!
You kill the orc!
You hit something. Something hits you.
The orc priest miscasts a cantrip.
Something hits you.
You barely miss something. Something hits you.
You sock something!
Reactivating autopickup.
You feel a bit more experienced.
You barely miss the orc. You block the orc's attack.
The orc priest looks satisfied for a moment.
You block the orc's attack. x2
The orc priest hits you but does no damage.
Items here: )) [[ †.
You hit the orc.
The orc is moderately wounded.
The orc barely misses you.
The orc priest hits you but does no damage.
The orc hits you with a +0 flail.
You hit the orc priest but do no damage.
You block the orc's attack.
The orc priest invokes the aid of Beogh against you.
You barely resist. The orc hits you with a +0 flail!
You thump the orc priest!
The orc priest is almost dead.
The orc hits you with a +1 mace of protection.
The orc barely misses you. You block the orc priest's attack.
The orc barely misses you.
The orc priest invokes the aid of Beogh against you.
Pain shoots through your body!
* * * LOW HITPOINT WARNING * * *
You block the orc's attack.
You completely miss the orc priest.
The orc priest is almost dead.
The orc hits you but does no damage.
The orc priest mumbles some strange prayers to Beogh against you.
Beogh smites you!
You die...

#......... ######.#.#
#.#.# #########.#.#
#######.........#.#
......>..#####....#
...#########........#..#
......o.o)...######...##
...####@###### ##.##
#o.# ###.# ##.# #...#
..8 #.### ..8.8 #.#
..8...8 #.# ##8..∩..8
#.#### #.8...8.. #....#
#..8.8.... #.##.#


You could see an orc priest and 2 orcs.

Vanquished Creatures
  Terence (D:3)
  An orc wizard (D:3)
  An adder (D:3)
  A worm (D:2)
  5 orcs (D:3)
  3 ball pythons
  7 bats
  2 endoplasms
  2 giant cockroaches
  4 goblins
  A hobgoblin (D:2)
  3 jackals (D:2)
  3 quokkas
  3 frilled lizards
  A kobold (D:2)
  4 rats
42 creatures vanquished.

Notes
Turn   | Place    | Note
-------+----------+-------------------------------------------
     0 | D:1      | GorkyZ the Demonspawn Fighter began the quest for the Orb.
     0 | D:1      | Reached XP level 1. HP: 18/18 MP: 1/1
   455 | D:1      | Gained mutation: You regenerate magic rapidly. [demonic
                  | ancestry]
   455 | D:1      | Reached XP level 2. HP: 23/24 MP: 2/2
   699 | D:2      | Identified the +5 ring mail of Integrity {Harm}
   957 | D:2      | Found a faded altar of an unknown god.
  1009 | D:2      | Gained mutation: Spells you cast may paralyse adjacent
                  | enemies. [demonic ancestry]
  1009 | D:2      | Reached XP level 3. HP: 29/29 MP: 3/3
  1010 | D:2      | Reached skill level 1 in Maces & Flails
  1204 | D:2      | Gained mutation: You occasionally shout uncontrollably at
                  | your foes. [potion of mutation]
  1204 | D:2      | Gained mutation: Your natural rate of healing is unusually
                  | fast. [potion of mutation]
  1241 | D:3      | Noticed Terence
  1271 | D:3      | Killed Terence
  1281 | D:3      | Reached XP level 4. HP: 35/35 MP: 4/4
  1378 | D:3      | Found Xuthreg's Antique Armour Shop.
  1395 | D:3      | Killed from afar by an orc priest

Illustrated notes

Levels and vault maps discovered:
D:1:      wander_arrival_chamber, layout_basic, roderic_lattice_a
D:2:      layout_rooms, chequers_ecumenical_altar_island
D:3:      layout_loops_ring, mainiacjoe_overflow_alcove_1, lemuel_round_altar,
          serial_shops, nicolae_diamond_shop, chequers_arboretum, st_stairs_4,
          minmay_ruptured, uniq_ijyb, uniq_crazy_yiuf_cottage, uniq_terence

Skill      XL: |  1  2  3 |
---------------+----------+-----
Armour         | 3 |  3.3
Shields        | 3 |  3.3
Maces & Flails | 1 |  1.6
Fighting       | |  3.7
Axes           | |  1.8

Action                   |  1- 3 |  4- 6 || total
-------------------------+-------+-------++-------
Melee: Mace              |   103 |    26 ||   129
       War axe           |     6 |       ||     6
  Use: Scroll            |     6 |       ||     6
       Potion            |     1 |       ||     1
Armor: Scale mail        |     8 |       ||     8
       Chain mail        |    13 |       ||    13
       Ring mail         |    29 |    12 ||    41
Dodge: Dodged            |    56 |     9 ||    65
Block: Buckler           |    42 |    24 ||    66
